 Dungeon Crawl Stone Soup version 0.21.1-68-g103a7afc0a (webtiles) character file.

204684 Peloso the Hoplite (level 18, -5/166 HPs)
             Began as a Minotaur Fighter on Aug 3, 2018.
             Was the Champion of Okawaru.
             Slain by a faun
             ... wielding a +0 spear
             ... led by a satyr
              (15 damage)
             ... on level 2 of the Shoals.
             The game lasted 01:23:08 (28507 turns).

Peloso the Hoplite (Minotaur Fighter)              Turns: 28507, Time: 01:23:09

Health: -5/166     AC: 32    Str: 42    XL:     18   Next: 2%
Magic:  8/8        EV: 15    Int:  6    God:    Okawaru [******]
Gold:   2215       SH:  0    Dex: 13    Spells: 17/17 levels left

rFire    . . .     SeeInvis +   a - +7 Screaming Sword
rCold    . . .     Gourm    +   I - +4 shield of Slovenliness {MP-9 Str+5}
rNeg     . . .     Faith    .   m - +2 shadow dragon scales
rPois    .         Spirit   .   R - +2 hat {SInv}
rElec    .         Reflect  .   C - +2 cloak
rCorr    .         Harm     .   p - +2 pair of gloves of Spring Thaw {*Slow Regen+ Str+9}
MR       +....                  X - +1 pair of boots {Fly}
Stlth    ++........             q - amulet of the gourmand
HPRegen  0.77/turn              (no ring)
MPRegen  0.11/turn              u - ring of the Octopus King {AC+1 EV+1 Str+1 Int+1 Dex+1 Stlth+}

@: confused, afraid, flying, mesmerised, glowing
A: retaliatory headbutt, horns 2
}: 1/15 runes: serpentine
a: Heroism, Finesse, Renounce Religion, Stop Flying


You were on level 2 of the Shoals.
You worshipped Okawaru.
Okawaru was exalted by your worship.
You were completely stuffed.

You visited 6 branches of the dungeon, and saw 30 of its levels.

You collected 3031 gold pieces.
You spent 816 gold pieces at shops.

Inventory:

Hand Weapons
 a - the +7 Screaming Sword (weapon)
   (You found it on level 8 of the Dungeon)
 b - a +2 scimitar of flaming
 c - a +1 double sword of slicing
 n - the +12 hand crossbow of Tenacity {venom, rPois rF+ rN+}
   (You found it on level 1 of the Orcish Mines)

   It poisons the ammo it fires.
   It protects you from fire.
   It protects you from poison.
   It protects you from negative energy.
Missiles
 J - 250 bolts
Armour
 m - +2 shadow dragon scales (worn)
 p - the +2 pair of gloves of Spring Thaw (worn) {*Slow Regen+ Str+9}
   (You found it on level 5 of the Dungeon)

   It affects your strength (+9).
   It increases your rate of regeneration.
   It may slow you when you take damage.
 C - a +2 cloak (worn)
 I - the +4 shield of Slovenliness (worn) {MP-9 Str+5}
   (Okawaru gifted it to you on level 10 of the Dungeon)

   It affects your strength (+5).
   It affects your magic capacity (-9).
 R - a +2 hat of see invisible (worn)
 X - a +1 pair of boots of flying (worn)
Jewellery
 q - an amulet of the gourmand (around neck)
 u - a ring of the Octopus King (right hand) {AC+1 EV+1 Str+1 Int+1 Dex+1 Stlth+}
   (You bought it in a shop on level 2 of the Orcish Mines)

   [ring of stealth]

   It affects your AC (+1).
   It affects your evasion (+1).
   It affects your strength (+1).
   It affects your intelligence (+1).
   It affects your dexterity (+1).
   It makes you more stealthy.
 v - an uncursed ring of protection from fire
 D - an uncursed ring of poison resistance
 L - an uncursed amulet of regeneration
 T - an uncursed ring of protection from fire
 V - a +3 amulet of reflection
Wands
 B - a wand of disintegration (11)
Scrolls
 e - 7 scrolls of enchant weapon
 i - 19 scrolls of remove curse
 k - 3 scrolls of noise
 t - 4 scrolls of blinking
 w - 7 scrolls of identify
 x - 3 scrolls of teleportation
 y - a scroll of brand weapon
 A - 6 scrolls of fear
 K - 2 scrolls of fog
 N - a scroll of enchant armour
 Q - a scroll of holy word
 S - 4 scrolls of amnesia
 Z - 2 scrolls of magic mapping
Potions
 d - 5 potions of might
 g - 3 potions of flight
 h - 4 potions of agility
 j - 7 potions of haste
 l - 12 potions of curing
 o - 2 potions of cancellation
 r - 7 potions of brilliance
 z - 4 potions of heal wounds
 G - 4 potions of ambrosia
 H - 3 potions of mutation
 M - a potion of berserk rage
 O - a potion of magic
Comestibles
 f - 81 rations
 s - 7 chunks of flesh


   Skills:
 + Level 16.2 Fighting
 + Level 19.6 Long Blades
 + Level 15.2 Armour
 + Level 6.8 Dodging
 + Level 4.2 Stealth
 + Level 21.6 Shields
 + Level 0.1 Invocations


You had 17 spell levels left.
You didn't know any spells.

Dungeon Overview and Level Annotations

Branches:
Dungeon (15/15)            Temple (1/1) D:5            Lair (6/6) D:11
 Shoals (2/4) Lair:3        Snake (4/4) Lair:3        Slime (0/5) Lair:6
    Orc (2/2) D:10            Elf (0/3) Orc:2        Vaults (0/5) D:14
 Depths (0/5) D:15

Altars:
Ashenzari
Cheibriados
Dithmenos
Elyvilon
Fedhas
Gozag
Hepliaklqana
Kikubaaqudgha
Makhleb
Nemelex Xobeh
Okawaru
Qazlal
Ru
Sif Muna
Trog
Uskayaw
Vehumet
Wu Jian
Xom
Yredelemnul
Zin
The Shining One
Beogh
Jiyva
Lugonu

Shops:
D:5 *   D:6 *   D:14 !   Orc:2 =[:(   Shoals:2 ?   Snake:2 [   Snake:3 }==


Innate Abilities, Weirdness & Mutations

You reflexively headbutt those who attack you in melee.
You have a pair of horns on your head.


Message History

Unknown command.
The Screaming Sword goes toot-toot!
The monsters around you reel from the noise!
You hear an angry hiss. x3; You hear a shout!
The faun unwields an uncursed hunting sling.
The faun wields an uncursed club.
The faun hits you with an uncursed club.
The merfolk siren chants its luring song.
The faun hits you with an uncursed spear!
The satyr shoots an arrow.
The arrow closely misses you.
You're too confused to move!
The merfolk siren chants its luring song. x2
The faun hits you with an uncursed club.
The merfolk aquamancer points at you and mumbles some strange words.
The torrent of water hits you!
* * * LOW HITPOINT WARNING * * *
You are knocked back by the torrent of water.
The wave splashes down.
The faun hits you from afar with an uncursed spear!
You die...

≈≈≈≈≈≈≈≈≈≈≈≈≈≈≈≈≈≈≈≈≈≈
≈≈≈≈≈≈≈≈≈≈≈≈≈≈≈≈≈≈≈≈≈≈≈≈
≈≈≈≈≈≈≈≈≈≈≈≈≈≈≈≈≈≈≈≈≈≈≈≈
≈≈≈≈≈≈≈≈≈≈≈≈≈≈≈≈≈≈≈≈≈≈≈≈
≈≈≈≈≈≈≈≈≈≈≈≈≈≈..≈≈≈≈≈≈≈≈
≈≈≈≈≈≈≈≈≈≈≈≈≈≈...≈≈≈≈≈≈≈
≈.≈≈≈≈≈≈≈≈≈.≈.....≈≈≈≈≈≈
.....≈≈≈≈≈$...cm≈≈.≈≈≈≈≈
......≈≈≈≈...(c(@...≈≈≈≈
..#...(≈≈≈≈..(c≈≈....≈≈≈
####...(≈≈≈m)(........≈≈
.####...≈≈≈..(..).....≈≈
.≈(##........(....∩...≈≈
.P......P≈.m.(.......≈≈≈
≈.######.≈.(((.....≈≈≈≈≈
≈.# #..........≈≈≈≈≈≈
..# #..#.....≈≈≈≈≈≈≈


You could see a satyr, a merfolk aquamancer, 2 fauns and 2 merfolk sirens.

Vanquished Creatures
  Nikola (Snake:1)
  Jorgrun (Snake:2)
  Rupert (D:13)
  Frances (D:13)
  A kraken (Shoals:1)
  Kirke (D:15)
  12 nagarajas
  Aizul (Snake:1)
  A frost giant (Orc:1)
  Nessos (Orc:2)
  2 merfolk impalers (Shoals:1)
  Josephine (D:12)
  An ettin (Orc:1)
  Erolcha (Orc:2)
  26 naga warriors
  A vault guard (D:14)
  2 catoblepae
  4 hydras
  16 two-headed ogres
  2 death knights
  2 merfolk aquamancers
  Erica (D:11)
  4 anacondas
  A centaur warrior (D:14)
  2 ogre magi (D:15)
  2 tengu warriors
  7 shock serpents
  22 naga sharpshooters
  7 orc high priests (Orc:2)
  Urug (D:14)
  Sonja (D:10)
  A fire crab (shapeshifter) (D:13)
  5 sea snakes
  7 naga ritualists (Snake:4)
  An unseen horror (D:15)
  Pikel (D:4)
  2 orc knights
  A lindwurm (Lair:6)
  A phantasmal warrior (D:15)
  3 orc sorcerers
  3 deep elf magi (D:15)
  3 mana vipers
  16 ugly things
  14 cyclopes
  5 fauns
  4 elephants (Lair:6)
  25 black mambas
  9 manticores
  A cyclops (shapeshifter) (D:14)
  10 salamanders
  Maurice (D:10)
  Joseph (D:10)
  2 merfolk sirens (Shoals:1)
  5 guardian serpents (Snake:4)
  16 naga magi
  16 spiny frogs
  3 rime drakes
  A kobold demonologist (D:11)
  2 freezing wraiths (D:15)
  2 komodo dragons
  10 polar bears
  7 trolls
  A meliai (D:13)
  3 raiju (Lair:6)
  6 merfolk
  A wind drake (Shoals:1)
  A hornet (D:14)
  2 slime creatures
  7 blink frogs (Lair:6)
  The ghost of tape the Insei, an amateur OpTm (D:3)
  13 hippogriffs
  4 snapping turtles
  A centaur simulacrum (D:15)
  4 water elementals
  6 wyverns
  2 vampires
  5 wraiths
  7 yaks
  Eustachio (D:6)
  Grum (D:10)
  A steam dragon (D:10)
  7 vampire mosquitoes
  2 basilisks
  A hungry ghost (D:14)
  20 wargs
  62 nagas
  2 soldier ants
  18 water moccasins
  Duvessa (D:7)
  14 hell hounds (Lair:6)
  12 black bears
  11 porcupines
  An eye of draining (D:14)
  21 orc warriors
  4 ice beasts
  3 sky beasts
  3 phantoms
  2 necrophages
  3 slaves (D:3)
  18 ogres
  24 wolves
  18 centaurs
  Blork the orc (D:4)
  15 crocodiles
  2 big kobolds
  13 bullfrogs
  Dowan (D:7)
  A wyvern zombie (D:14)
  6 scorpions (D:8)
  2 hornet simulacra
  10 killer bees
  21 wights
  5 howler monkeys
  4 electric eels
  3 centaur zombies
  5 crimson imps
  A jelly (D:13)
  A bullfrog zombie (D:11)
  7 hounds
  31 orc priests
  24 orc wizards
  A bullfrog skeleton (D:12)
  4 centaur skeletons
  Ijyb (D:5)
  6 iguanas
  9 worker ants
  A hound skeleton (D:6)
  A howler monkey zombie (D:5)
  A worker ant zombie (D:10)
  19 adders
  4 gnolls (Orc:2)
  6 shadow imps
  An adder zombie (D:5)
  3 worms
  An adder skeleton (D:5)
  A dart slug (D:1)
  9 leopard geckos
  106 orcs
  A ball python (D:2)
  9 bats
  5 giant cockroaches
  8 hobgoblins
  16 jackals
  4 quokkas
  3 frilled lizards
  6 goblins
  13 kobolds
  A leopard gecko skeleton (D:6)
  A leopard gecko zombie (D:7)
  8 rats
  6 fungi
  5 plants
  A tentacle (Shoals:1)
1033 creatures vanquished.

Vanquished Creatures (others)
  A naga sharpshooter (Snake:2)
  A salamander (Snake:1)
  A yak (D:14)
  2 humans (D:15)
  2 nagas (Snake:4)
  2 adders (D:4)
  A giant cockroach (D:4)
  2 fungi (D:8)
  27 plants
  4 tentacles (Shoals:1)
43 creatures vanquished.

Grand Total: 1076 creatures vanquished

Notes
Turn   | Place    | Note
-------+----------+-------------------------------------------
     0 | D:1      | Peloso the Minotaur Fighter began the quest for the Orb.
     0 | D:1      | Reached XP level 1. HP: 19/19 MP: 0/0
    84 | D:1      | Reached XP level 2. HP: 21/27 MP: 1/1
   303 | D:1      | Reached skill level 4 in Shields
   886 | D:2      | Found a glowing golden altar of the Shining One.
   892 | D:2      | Reached XP level 3. HP: 29/33 MP: 2/2
  1206 | D:2      | Found a hide-covered altar of Uskayaw.
  1377 | D:2      | Found a sacrificial altar of Ru.
  1473 | D:2      | Reached XP level 4. HP: 34/40 MP: 3/3
  1805 | D:3      | Noticed tape's ghost (amateur OpTm)
  2012 | D:3      | Killed tape's ghost
  2012 | D:3      | Reached skill level 5 in Armour
  2012 | D:3      | Reached skill level 1 in Dodging
  2012 | D:3      | Reached skill level 5 in Shields
  2012 | D:3      | Reached XP level 5. HP: 45/47 MP: 4/4
  2325 | D:3      | Reached XP level 6. HP: 53/53 MP: 5/5
  2889 | D:4      | Noticed a slave
  2890 | D:4      | Noticed a slave
  2890 | D:4      | Noticed a slave
  2891 | D:4      | Noticed Pikel
  2895 | D:4      | Noticed a slave
  2916 | D:3      | Killed a slave
  2923 | D:3      | Killed a slave
  2927 | D:3      | Killed a slave
  3074 | D:4      | Killed Pikel
  3074 | D:4      | Reached skill level 5 in Fighting
  3074 | D:4      | Reached skill level 6 in Shields
  3074 | D:4      | Reached XP level 7. HP: 44/61 MP: 6/6
  3087 | D:4      | Noticed Blork the orc
  3093 | D:4      | Killed Blork the orc
  3208 | D:4      | Reached XP level 8. HP: 49/68 MP: 7/7
  3515 | D:4      | Found a shimmering altar of Xom.
  3682 | D:5      | Entered Level 5 of the Dungeon
  3707 | D:4      | Reached skill level 7 in Shields
  3821 | D:5      | Found Michaiwk's Assorted Antiques.
  3888 | D:5      | Noticed Ijyb
  3901 | D:5      | Killed Ijyb
  4151 | D:5      | Got a pair of slimy gloves
  4162 | D:5      | Identified the +2 pair of gloves of Spring Thaw {*Slow Regen+ Str+9} (You found it on level 5 of the Dungeon)
  4191 | D:5      | Found a sparkling altar of Nemelex Xobeh.
  4191 | D:5      | Found a glowing silver altar of Zin.
  4219 | D:5      | Found a staircase to the Ecumenical Temple.
  4228 | Temple   | Entered the Ecumenical Temple
  4356 | Temple   | Became a worshipper of Warmaster Okawaru
  4518 | D:6      | Found Ytul's Assorted Antiques.
  4570 | D:6      | Found a basalt altar of Yredelemnul.
  4653 | D:6      | Noticed Eustachio
  4682 | D:6      | Killed Eustachio
  4750 | D:6      | Reached XP level 9. HP: 67/75 MP: 8/8
  4757 | D:6      | Reached * piety under Okawaru
  4772 | D:6      | Reached skill level 8 in Shields
  5405 | D:7      | Reached ** piety under Okawaru
  5536 | D:7      | Reached skill level 10 in Long Blades
  5555 | D:7      | Reached skill level 9 in Shields
  5851 | D:7      | Reached XP level 10. HP: 67/86 MP: 9/9
  5969 | D:7      | Noticed Duvessa
  5970 | D:7      | Noticed Dowan
  5976 | D:7      | Killed Duvessa
  5976 | D:7      | Reached *** piety under Okawaru
  5980 | D:7      | Killed Dowan
  6299 | D:6      | Found a burning altar of Makhleb.
  6373 | D:8      | Reached skill level 10 in Shields
  6696 | D:8      | Found the +7 Singing Sword
  6803 | D:8      | Found a shadowy altar of Dithmenos.
  7200 | D:9      | Noticed a two-headed ogre
  7208 | D:9      | Killed a two-headed ogre
  7208 | D:9      | Reached **** piety under Okawaru
  7259 | D:9      | Noticed a manticore
  7269 | D:9      | Killed a manticore
  7377 | D:9      | Found an ancient bone altar of Kikubaaqudgha.
  7398 | D:9      | Reached skill level 11 in Shields
  7638 | D:9      | Found a hazy altar of Hepliaklqana.
  7639 | D:9      | Found a snail-covered altar of Cheibriados.
  7835 | D:10     | Entered Level 10 of the Dungeon
  7854 | D:10     | Noticed Joseph
  7884 | D:10     | Reached skill level 10 in Armour
  7889 | D:10     | Killed Joseph
  7889 | D:10     | Reached ***** piety under Okawaru
  7889 | D:10     | Reached XP level 11. HP: 42/93 MP: 10/10
  8068 | D:10     | Noticed Sonja
  8101 | D:10     | Killed Sonja
  8101 | D:10     | Received a gift from Okawaru
  8113 | D:10     | Got a scorched shield {god gift}
  8119 | D:10     | Identified the +4 shield of Slovenliness {MP-9 Str+5} (Okawaru gifted it to you on level 10 of the Dungeon)
  8156 | D:10     | Found a staircase to the Orcish Mines.
  8226 | D:10     | Noticed Grum
  8242 | D:10     | Killed Grum
  8382 | D:10     | Noticed Maurice
  8385 | D:10     | Paralysed by something for 7 turns
  8403 | D:10     | Killed Maurice
  8634 | D:11     | Noticed a purple ugly thing
  8639 | D:11     | Killed a purple ugly thing
  9098 | D:11     | Noticed Erica
  9102 | D:11     | Killed Erica
  9102 | D:11     | Reached skill level 12 in Shields
  9221 | D:11     | Found a staircase to the Lair.
  9380 | D:12     | Noticed a brown ugly thing
  9392 | D:12     | Killed a brown ugly thing
  9428 | D:12     | Got an encrusted war axe
  9567 | D:12     | Noticed a cyan ugly thing
  9578 | D:12     | Killed a cyan ugly thing
  9726 | D:12     | Reached skill level 1 in Stealth
  9968 | D:12     | Noticed Josephine
  9975 | D:12     | Killed Josephine
  9999 | D:12     | Reached XP level 12. HP: 60/103 MP: 2/11
 10125 | D:12     | Noticed a two-headed ogre
 10130 | D:12     | Killed a two-headed ogre
 10514 | D:13     | Noticed a tengu warrior
 10515 | D:13     | Noticed a death knight
 10526 | D:13     | Killed a death knight
 10526 | D:13     | Reached ****** piety under Okawaru
 10529 | D:13     | Killed a tengu warrior
 10529 | D:13     | Received a gift from Okawaru
 10529 | D:13     | Reached skill level 13 in Shields
 10536 | D:13     | Received a gift from Okawaru
 10594 | D:13     | Noticed Frances
 10600 | D:13     | Killed Frances
 10600 | D:13     | Reached skill level 15 in Long Blades
 10716 | D:13     | Noticed Rupert
 10734 | D:13     | Killed Rupert
 10734 | D:13     | Reached skill level 10 in Fighting
 11338 | Lair:1   | Entered Level 1 of the Lair of Beasts
 11638 | Lair:1   | Found an iron altar of Okawaru.
 11693 | Lair:1   | Found a glowing silver altar of Zin.
 11707 | Lair:1   | Reached XP level 13. HP: 114/114 MP: 3/12
 13044 | Lair:3   | Found a staircase to the Snake Pit.
 13206 | Lair:3   | Reached skill level 14 in Shields
 13283 | Lair:3   | Found a staircase to the Shoals.
 14577 | Lair:5   | Received a gift from Okawaru
 15699 | Lair:6   | Entered Level 6 of the Lair of Beasts
 15728 | Lair:6   | Received a gift from Okawaru
 15769 | Lair:6   | Reached skill level 15 in Shields
 15982 | Lair:6   | Got a dazzling demon blade {god gift}
 15983 | Lair:6   | Identified the +6 demon blade of Arbitration {elec, +Inv rC- MP+9 Int+5} (Okawaru gifted it to you on level 6 of the Lair of Beasts)
 16151 | Lair:6   | Identified a scroll of acquirement
 16278 | Lair:6   | Received a gift from Okawaru
 16298 | Lair:6   | Got a transparent chain mail {god gift}
 16304 | Lair:6   | Identified the +5 chain mail of Unreason {rElec Int+4} (Okawaru gifted it to you on level 6 of the Lair of Beasts)
 16326 | Lair:6   | Reached XP level 14. HP: 125/125 MP: 4/13
 16743 | Lair:6   | Found a viscous altar of Jiyva.
 16743 | Lair:6   | Found a staircase to the Slime Pits.
 16970 | Orc:1    | Entered Level 1 of the Orcish Mines
 17563 | Orc:1    | Paralysed by an orc sorcerer for 7 turns
 17575 | Orc:1    | Reached skill level 16 in Shields
 17914 | Orc:1    | Noticed a frost giant
 17926 | Orc:1    | Killed a frost giant
 17926 | Orc:1    | Received a gift from Okawaru
 18102 | Orc:1    | Got an ichor-stained hand crossbow
 18249 | Orc:2    | Entered Level 2 of the Orcish Mines
 18249 | Orc:2    | Noticed Erolcha
 18296 | Orc:2    | Killed Erolcha
 18346 | Orc:2    | Noticed Nessos
 18356 | Orc:2    | Killed Nessos
 18712 | Orc:2    | Found a roughly hewn altar of Beogh.
 18754 | Orc:2    | Found Doxzom's Book Boutique.
 18754 | Orc:2    | Found Daraes's Antique Weapon Emporium.
 18786 | Orc:2    | Bought a transparent long sword for 229 gold pieces
 18786 | Orc:2    | Identified the +5 long sword of Hubris {slice, +Blink rPois rF++ rC-} (You bought it in a shop on level 2 of the Orcish Mines)
 18804 | Orc:2    | Found a staircase to the Elven Halls.
 19230 | Orc:2    | Found Diellol's Jewellery Boutique.
 19230 | Orc:2    | Found Dupsaus's Armour Emporium.
 19253 | Orc:2    | Bought a ring of the Octopus King {AC+1 EV+1 Str+1 Int+1 Dex+1 Stlth+} for 470 gold pieces
 19253 | Orc:2    | Found the ring of the Octopus King {AC+1 EV+1 Str+1 Int+1 Dex+1 Stlth+}
 19392 | Orc:1    | Reached skill level 17 in Shields
 19514 | D:13     | Reached XP level 15. HP: 136/136 MP: 5/14
 19614 | D:14     | Found a glowing golden altar of the Shining One.
 19640 | D:14     | Noticed Urug
 19648 | D:14     | Killed Urug
 19649 | D:14     | Found Zyempor's Distillery.
 19662 | D:14     | Bought a potion of heal wounds for 65 gold pieces
 19662 | D:14     | Bought a potion of might for 52 gold pieces
 20099 | D:14     | Found a gate to the Vaults.
 20110 | D:14     | Received a gift from Okawaru
 20284 | D:15     | Entered Level 15 of the Dungeon
 20367 | D:15     | Reached skill level 5 in Dodging
 20384 | D:15     | Received a gift from Okawaru
 20546 | D:15     | Noticed Kirke
 20553 | D:15     | Killed Kirke
 20553 | D:15     | Reached skill level 18 in Shields
 21020 | D:15     | Found a staircase to the Depths.
 21549 | Lair:1   | Identified the +12 hand crossbow of Tenacity {venom, rPois rF+ rN+} (You found it on level 1 of the Orcish Mines)
 21635 | Snake:1  | Entered Level 1 of the Snake Pit
 21692 | Snake:1  | Noticed Aizul
 21703 | Snake:1  | Killed Aizul
 21703 | Snake:1  | Received a gift from Okawaru
 22059 | Snake:1  | Reached XP level 16. HP: 94/146 MP: 6/15
 22347 | Snake:1  | Noticed Nikola
 22368 | Snake:1  | HP: 2/147 [Nikola/chain lightning (11)]
 22369 | Snake:1  | Killed Nikola
 23117 | Snake:2  | Received a gift from Okawaru
 23181 | Snake:2  | Found a stormy altar of Qazlal.
 23223 | Snake:2  | Found Fariklal's Specialty Armours.
 23238 | Snake:2  | Reached skill level 19 in Shields
 23702 | Snake:2  | Noticed Jorgrun
 23717 | Snake:2  | Killed Jorgrun
 24307 | Snake:3  | Found Legayx's Jewellery Shop.
 24308 | Snake:3  | Found Geass's Gadget Shoppe.
 24309 | Snake:3  | Found Uhusihoo's Jewellery Shop.
 24932 | Snake:4  | Entered Level 4 of the Snake Pit
 25083 | Snake:4  | Reached skill level 15 in Fighting
 25335 | Snake:4  | Received a gift from Okawaru
 25362 | Snake:4  | Reached skill level 20 in Shields
 25391 | Snake:4  | Reached XP level 17. HP: 71/156 MP: 7/16
 25784 | Snake:4  | Got a bronze chain mail
 25796 | Snake:4  | Identified the +1 chain mail of Precision Catastrophes {MR+} (You found it on level 4 of the Snake Pit)
 26131 | Snake:4  | Received a gift from Okawaru
 26250 | Snake:4  | Reached skill level 15 in Armour
 26532 | Snake:4  | Got a serpentine rune of Zot
 26599 | Snake:4  | Received a gift from Okawaru
 26599 | Snake:4  | Reached skill level 21 in Shields
 27282 | Shoals:1 | Entered Level 1 of the Shoals
 27437 | Shoals:1 | Received a gift from Okawaru
 27518 | Shoals:1 | Noticed a kraken
 27527 | Shoals:1 | Killed a kraken
 28402 | Shoals:2 | Reached XP level 18. HP: 70/166 MP: 8/17
 28482 | Shoals:2 | Found Suill's Magic Scroll Boutique.
 28507 | Shoals:2 | Slain by a faun

Skill      XL: |  1  2  3  4  5  6  7  8  9 10 11 12 13 14 15 16 17 |
---------------+----------------------------------------------------+-----
Fighting       | 4 5 6 7 8 10 11 13 14 15 16 | 16.2
Shields        | 4 5 6 7 9 11 12 13 15 17 18 20 21 | 21.6
Armour         | 4 5 6 7 8 10 11 13 14 15 | 15.2
Long Blades    | 3 4 6 7 8 10 12 13 15 16 17 18 19 | 19.6
Dodging        | 1 2 3 4 5 6 |  6.8
Stealth        | 1 2 4 |  4.2
Invocations    | |  0.1

Action                   |  1- 3 |  4- 6 |  7- 9 | 10-12 | 13-15 | 16-18 || total
-------------------------+-------+-------+-------+-------+-------+-------++-------
Melee: Long sword        |    86 |   106 |   356 |   112 |       |       ||   660
       Headbutt          |    16 |    15 |    85 |   137 |   262 |   258 ||   773
       Double sword      |       |       |       |   367 |   941 |   753 ||  2061
       Scimitar          |       |       |       |       |    19 |       ||    19
Invok: Heroism           |       |       |       |     1 |       |       ||     1
  Use: Scroll            |       |       |    12 |     8 |    12 |     2 ||    34
       Potion            |       |       |       |       |       |     1 ||     1
 Stab: Sleeping          |       |       |       |       |     4 |    11 ||    15
  Eat: Chunk             |     1 |    17 |     9 |    19 |    36 |    28 ||   110
       Ration            |       |       |       |       |       |     2 ||     2
Armor: Scale mail        |    40 |    48 |     1 |       |       |       ||    89
       Chain mail        |       |       |    90 |       |   116 |       ||   206
       Plate armour      |       |       |    89 |   186 |    85 |       ||   360
       Shadow dragon sca |       |       |       |       |   100 |   202 ||   302
Dodge: Dodged            |    39 |    30 |    98 |   134 |   280 |   179 ||   760
       Deflected         |       |       |       |       |     3 |       ||     3
Block: Shield            |    48 |    58 |   265 |   376 |  1077 |   913 ||  2737
       Reflection        |       |       |       |       |       |   163 ||   163
       Other             |       |       |       |       |       |     1 ||     1
       Rpst.: Long sword |    11 |     9 |    18 |     5 |       |       ||    43
       Double sword      |       |       |       |    26 |    48 |    17 ||    91
       Scimitar          |       |       |       |       |     1 |       ||     1
